 Dungeon Crawl Stone Soup version 0.31.0-32-g396128a36d (webtiles) character file.

Game seed: 14522350293216326702

1229 DoctorAcula the Sneak (level 8, -3/63 HPs)
             Began as a Vampire Brigand on Mar 25, 2024.
             Was an Initiate of Gozag.
             Splashed by a jelly's acid (8 damage)
             ... on level 6 of the Dungeon.
             The game lasted 00:10:00 (4827 turns).

DoctorAcula the Sneak (Vampire Brigand)             Turns: 4827, Time: 00:10:01

Health: -3/63      AC: -12   Str: 10    XL:     8   Next: 24%
Magic:  0/17       EV: 10    Int: 14    God:    Gozag
Gold:   542        SH:  0    Dex: 17    Spells: 7/7 levels left

rFire   . . .        a - +2 dagger
rCold   . . .        (no shield)
rNeg    . . .        x - +0 ring mail
rPois   .            k - +0 helmet
rElec   .            c - +0 cloak
rCorr   .            (no gloves)
SInv    +            j - +0 pair of boots
Will    .....        p - amulet of guardian spirit
Stlth   +++          M - ring of magical power
HPRegen 0.50/turn    (no ring)
MPRegen 0.15/turn

%: guardian spirit
@: corroded, healing quickly
A: alive, fangs 3, see invisible, vampiric 2
a: Exsanguinate, Renounce Religion, Potion Petition, Call Merchant, Bribe Branch


You were on level 6 of the Dungeon.
You worshipped Gozag.
Gozag was pleased with you.
You visited 1 branch of the dungeon, and saw 6 of its levels.

You collected 636 gold pieces.
You spent 28 gold pieces at shops.
You paid 66 gold pieces to Gozag.


Innate Abilities, Weirdness & Mutations

Your natural rate of healing is accelerated.
You have razor-sharp teeth.
You have supernaturally acute eyesight. (SInv)
You are afflicted with vampirism and can become a bat while bloodless.


   Skills:
 + Level 5.5 Fighting
 - Level 6.0 Short Blades
 - Level 5.0 Throwing
 - Level 1.1 Dodging
 - Level 7.0 Stealth


You had 7 spell levels left.
You didn't know any spells.
Your spell library was empty.

Inventory:

Hand Weapons
 a - a +2 dagger (weapon)
Missiles
 d - 10 poisoned darts (quivered)
 e - 2 curare-tipped darts {=f}
 s - 4 javelins
Armour
 b - a +0 robe
 c - a +0 cloak (worn)
 j - a +0 pair of boots (worn)
 k - a +0 helmet (worn)
 x - a +0 ring mail (worn)
Jewellery
 p - an amulet of guardian spirit (around neck)
 r - an amulet of regeneration
 M - a ring of magical power (left hand)
Scrolls
 f - a scroll of revelation {unknown}
 g - a scroll of brand weapon
 h - 5 scrolls of teleportation {@r2}
 l - a scroll of vulnerability {unknown}
 o - a scroll of fear
 u - 2 scrolls of amnesia {unknown}
 v - a scroll of poison {unknown}
 w - a scroll of fog {unknown}
Potions
 i - 2 potions of attraction
 m - 2 potions of curing {@q1}
 n - 2 potions of resistance
 q - a potion of heal wounds {@q2}
 t - a potion of brilliance {unknown}
 z - a potion of enlightenment
 A - a potion of might {unknown}

Dungeon Overview and Level Annotations

Branches:
Dungeon (6/15)             Temple (0/1) D:5

Altars:
Gozag
Hepliaklqana
Makhleb
Nemelex Xobeh
Uskayaw

Shops:
D:3

? #...........#
#.#....######
#.......##
###....#...##
###.....##.#..#
........#..##<#######
....................#
........#####.......#
........# ##@.######
......######J..#
.##..........#..#
#........####.#
#.....#...# .# .....
#.... .# ...# ......#
.# .......#
#.###.##..


You could see a jelly.


Message History

You feel much better. The jelly hits you. The acid corrodes you!
You are splashed with acid!
* * * LOW HITPOINT WARNING * * *
Unknown command.
You hit the jelly but do no damage. The acid corrodes you!
Your hands burn!
* * * LOW HITPOINT WARNING * * *
The jelly is severely wounded.
You hit the jelly but do no damage.
Your hands burn!
* * * LOW HITPOINT WARNING * * *
The jelly is severely wounded.
The jelly hits you.
* * * LOW HITPOINT WARNING * * *
The acid corrodes you!
You are splashed with acid!
* * * LOW HITPOINT WARNING * * *
You hit the jelly but do no damage.
Your hands burn!
* * * LOW HITPOINT WARNING * * *
You bite the jelly.
The jelly is severely wounded.
The jelly barely misses you.
You hit the jelly but do no damage.
Your hands burn!
* * * LOW HITPOINT WARNING * * *
The jelly is severely wounded.
You hit the jelly but do no damage.
Your hands burn!
* * * LOW HITPOINT WARNING * * *
The jelly is severely wounded.
The jelly hits you.
* * * LOW HITPOINT WARNING * * *
You are splashed with acid!
You die...
Your body crumbles into a pile of gold.

Skill      XL: |  1  2  3  4  5  6  7  8 |
---------------+-------------------------+-----
Fighting       | 2 3 4 5 |  5.5
Stealth        | 7 |  7.0
Short Blades   | 4 5 6 |  6.0
Throwing       | 2 4 5 |  5.0
Dodging        | |  1.1

Action                     |  1- 3 |  4- 6 |  7- 9 || total
---------------------------+-------+-------+-------++-------
  Melee: Dagger            |   158 |   118 |   207 ||   483
         Bite              |    16 |    18 |    31 ||    65
         Punch             |     4 |       |     3 ||     7
  Throw: Dart              |       |    15 |     6 ||    21
    Use: Scroll            |     5 |     2 |     1 ||     8
         Potion            |       |       |     1 ||     1
   Stab: Sleeping          |     8 |    10 |     2 ||    20
         Distracted        |     1 |       |     4 ||     5
 Armour: Robe              |    70 |    97 |   122 ||   289
         Ring mail         |       |       |    20 ||    20
  Dodge: Dodged            |    87 |    77 |   145 ||   309

Levels and vault maps discovered:
D:1:      minmay_arrival_shoal_huts, layout_basic
D:2:      layout_loops_cross, ebering_ecumenical_altar_rust, serial_bayou,
          serial_bayou_pond_b, serial_bayou_shore_a, serial_bayou_shore_b,
          serial_bayou_lagoon_a
D:3:      layout_basic, nicolae_hepliaklqana_hippocampus,
          nicolae_overflow_hidden_temple, serial_shops, shop,
          minmay_misc_feat_chi
D:4:      layout_basic, grunt_gozag_statues, mainiacjoe_overflow_brackets,
          uniq_edmund
D:5:      layout_loops_cross, mainiacjoe_overflow_boulevard,
          nicolae_uskayaw_en_pointe, minmay_temple_entry_nine_rooms,
          serial_demonic, serial_demonic_b, serial_demonic_f, serial_demonic_b,
          serial_demonic_d, serial_demonic_a, serial_demonic_a
D:6:      layout_rooms

Notes
Turn   | Place    | Note
-------+----------+-------------------------------------------
     0 | D:1      | DoctorAcula the Vampire Brigand began the quest for the
                  | Orb.
     0 | D:1      | Reached XP level 1. HP: 16/16 MP: 1/1
    49 | D:1      | Reached skill level 2 in Fighting
    76 | D:1      | Reached XP level 2. HP: 10/23 MP: 2/2
   246 | D:1      | Reached skill level 3 in Fighting
   444 | D:1      | Gained mutation: You are afflicted with vampirism and can
                  | become a bat while bloodless. [Vampire growth]
   444 | D:1      | Reached XP level 3. HP: 28/29 MP: 3/3
  1267 | D:2      | Found a faded altar of an unknown god.
  1773 | D:3      | Found Utoet's Magic Scroll Shoppe.
  1781 | D:3      | Bought a scroll of identify for 28 gold pieces
  1781 | D:3      | Identified a potion of resistance
  1818 | D:3      | Reached skill level 4 in Fighting
  1818 | D:3      | Reached XP level 4. HP: 22/37 MP: 4/4
  1822 | D:3      | Reached skill level 6 in Stealth
  2086 | D:3      | Found a hazy altar of Hepliaklqana.
  2111 | D:3      | Found a sparkling altar of Nemelex Xobeh.
  2531 | D:4      | Reached skill level 7 in Stealth
  2536 | D:4      | Reached XP level 5. HP: 41/42 MP: 5/5
  2588 | D:4      | Noticed Edmund
  2607 | D:4      | Killed Edmund
  2608 | D:4      | Reached skill level 4 in Short Blades
  2608 | D:4      | Reached skill level 2 in Throwing
  2678 | D:4      | Found an opulent altar of Gozag.
  2686 | D:4      | Reached XP level 6. HP: 48/48 MP: 6/6
  2690 | D:4      | Became a worshipper of Gozag Ym Sagoz the Greedy
  2836 | D:4      | Reached skill level 3 in Throwing
  2890 | D:4      | Found a burning altar of Makhleb.
  3004 | D:4      | Reached skill level 4 in Throwing
  3274 | D:5      | Entered Level 5 of the Dungeon
  3343 | D:5      | Reached XP level 7. HP: 52/55 MP: 7/7
  3409 | D:5      | Reached skill level 5 in Fighting
  3529 | D:5      | Noticed a +0 falchion
  3529 | D:5      | Noticed a +0 spear
  3529 | D:5      | Noticed a +0 dagger
  3529 | D:5      | Noticed a +0 spear
  3529 | D:5      | Noticed a +0 dagger
  3529 | D:5      | Noticed a +0 falchion
  3529 | D:5      | Noticed a +0 short sword
  3530 | D:5      | Noticed a +0 short sword
  3532 | D:5      | Found a hide-covered altar of Uskayaw.
  3725 | D:5      | Reached skill level 5 in Throwing
  3863 | D:5      | Reached skill level 5 in Short Blades
  4044 | D:5      | Reached XP level 8. HP: 62/62 MP: 8/8
  4180 | D:5      | HP: 3/62 [ogre/+0 giant club (16)]
  4185 | D:5      | Reached skill level 6 in Short Blades
  4347 | D:5      | Found a staircase to the Ecumenical Temple.
  4827 | D:6      | HP: 5/63 [jelly (2)]
  4827 | D:6      | Splashed by a jelly's acid

Vanquished Creatures
  Edmund (D:4)
  A black bear (D:5)
  3 ogres
  2 centaurs
  2 scorpions (D:5)
  2 hounds
  A quasit (D:5)
  A bombardier beetle (D:5)
  2 orc wizards
  4 iguanas
  3 gnolls
  4 adders
  2 shadow imps (D:5)
  3 white imps (D:5)
  4 ufetubi
  3 dart slugs
  3 ribbon worms (D:2)
  12 orcs
  4 ball pythons
  4 bats
  8 endoplasms
  2 giant cockroaches
  4 goblins
  6 hobgoblins
  4 jackals (D:1)
  5 kobolds
  5 quokkas
  3 frilled lizards
  4 rats
102 creatures vanquished.

Vanquished Creatures (others)
  An ufetubus (D:5)
1 creature vanquished.

Grand Total: 103 creatures vanquished

Table legend: (Time is in decaauts)
 A = Elapsed time spent in this place.
 B = Non-inter-level travel time spent in this place.
 C = Inter-level travel time spent in this place.
 D = Time resting spent in this place.
 E = Time spent auto-exploring this place.
 F = Levels seen in this place.
 G = Mean time per level.
                   A        B        C        D        E       F      G
               +--------+--------+--------+--------+--------+-----+--------+
         Total |   4786 |   4581 |    205 |    390 |   3147 |   6 |  797.7 |
       Dungeon |   4786 |   4581 |    205 |    390 |   3147 |   6 |  797.7 |
               +--------+--------+--------+--------+--------+-----+--------+

Top non-repeatable levels by time:
     D:5: 1390 daAuts
     D:2: 974 daAuts
     D:3: 857 daAuts
     D:4: 803 daAuts
     D:1: 652 daAuts
     D:6: 108 daAuts

Table legend:
 A = Non-vault XP
 B = Vault XP
 C = Vault XP percentage of total XP
 D = Non-vault monster count
 E = Vault monster count
 F = Vault count percentage of total count
                 A         B        C        D         E       F
            +---------+---------+-------+---------+---------+-------
      Total |    1465 |     291 |  16.6 |      90 |      13 |  12.6
            +---------+---------+-------+---------+---------+-------
        D:1 |      42 |       0 |   0.0 |      23 |       0 |   0.0
        D:2 |      31 |       8 |  20.5 |       9 |       3 |  25.0
        D:3 |      81 |       0 |   0.0 |      14 |       0 |   0.0
        D:4 |     347 |     164 |  32.1 |      21 |       1 |   4.5
        D:5 |     895 |     119 |  11.7 |      19 |       9 |  32.1
        D:6 |      69 |       0 |   0.0 |       4 |       0 |   0.0
            +---------+---------+-------+---------+---------+-------
